 Dungeon Crawl Stone Soup version 0.30.0-5-g1a98f26d00 (webtiles) character file.

Game seed: 15710398308422649100

193 NateTC the Chopper (level 5, -4/49 HPs)
             Began as a Hill Orc Fighter on May 13, 2023.
             Slain by a wraith (11 damage)
             ... in an ossuary.
             The game lasted 00:05:13 (2667 turns).

NateTC the Chopper (Hill Orc Fighter)               Turns: 2667, Time: 00:05:14

Health: -4/49      AC: 12    Str: 27    XL:     5   Next: 72%
Magic:  5/5        EV:  7    Int:  8    God:
Gold:   84         SH:  4    Dex: 10    Spells: 4/4 levels left

rFire   . . .        a - +0 broad axe
rCold   . . .        c - +0 buckler
rNeg    . . .        r - +0 plate armour
rPois   .            (no helmet)
rElec   .            l - +0 cloak
rCorr   .            (no gloves)
SInv    .            (no boots)
Will    .....        (no amulet) Stlth
                     f - +6 ring of strength
HPRegen 0.28/turn    j - ring of flight
MPRegen 0.09/turn

%: no passive effects
@: mighty, flying, slowed, very slow
A: no striking features
a: no special abilities


You were in an ossuary.
You visited 1 branch of the dungeon, and saw 4 of its levels.
You also visited: Ossuary.

You collected 156 gold pieces.
You spent 72 gold pieces at shops.

Inventory:

Hand Weapons
 a - a +0 broad axe (weapon)
Armour
 c - a +0 buckler (worn)
 e - the +1 leather armour of Kicki {rPois Str+3}
   (You found it on level 2 of the Dungeon)

   Str:       It affects your strength (+3).
   rPois:     It protects you from poison.
 l - a +0 cloak (worn)
 n - a +0 chain mail
 r - a +0 plate armour (worn)
Jewellery
 f - a +6 ring of strength (left hand)
 j - a ring of flight (right hand)
Scrolls
 g - a scroll of blinking
 i - 3 scrolls of teleportation
 k - a scroll of immolation
Potions
 b - a potion of berserk rage {unknown}
 d - 4 potions of might
 h - a potion of attraction {unknown}
 m - 3 potions of curing
 o - 2 potions of brilliance {unknown}
 p - a potion of resistance {unknown}
 q - a potion of haste {unknown}


   Skills:
 + Level 5.6 Fighting
 * Level 5.9 Axes
 - Level 3.2 Armour
 - Level 3.2 Shields


You had 4 spell levels left.
You didn't know any spells.
Your spell library contained the following spells:

 Spells                   Type           Power      Damage    Failure   Level
 Sting                    Tmut/Pois      0%         1d3       100%        1
 Poisonous Vapours        Pois/Air       0%         N/A       100%        2
 Olgreb's Toxic Radiance  Pois           0%         N/A       100%        4


Dungeon Overview and Level Annotations

Branches:
Dungeon (4/15) Zot: 21323 Ossuary (1/1) Zot: 5928
 Temple: D:4-7

Altars:
Dithmenos
Yredelemnul

Shops:
D:3 *


Message History

As you read the scroll of blinking, it crumbles to dust.
It was a potion of curing.
You feel better.
There is an open door here.
The wraith hits you!
* * * LOW HITPOINT WARNING * * *
The wraith drains your vigour!
You feel as though you will be slow longer.
You closely miss the wraith.
The wraith is moderately damaged.
The wraith barely misses you. The wraith hits you.
* * * LOW HITPOINT WARNING * * *
You hit the wraith but do no damage.
The wraith is moderately damaged.
The wraith hits you.
* * * LOW HITPOINT WARNING * * *
The wraith drains your vigour!
You feel as though you will be slow longer.
The wraith hits you but does no damage.
You feel very mighty all of a sudden. The wraith hits you but does no damage.
You slash the wraith!
The wraith is heavily damaged.
The wraith hits you but does no damage. The wraith hits you.
* * * LOW HITPOINT WARNING * * *
You closely miss the wraith.
The wraith is heavily damaged.
The wraith hits you.
* * * LOW HITPOINT WARNING * * *
You block the wraith's attack.
You slash the wraith!
The wraith is almost destroyed.
The wraith hits you.
* * * LOW HITPOINT WARNING * * *
The wraith drains your vigour!
You feel as though you will be slow longer.
The wraith hits you but does no damage. You block the wraith's attack.
You barely miss the wraith.
The wraith is almost destroyed.
The wraith hits you!
You die...

#..#.#... .........
#.......####..# #W#
#...8....'?#..# ###
#......Z####..# ##.##
#.............###...##
..............##.....##
..####..####..'...∩...###
. #.ZZW@#..'.......#W#
..####..####..'...∩...#
...............##.....##
.#.............###...##
#.......####..# ##.##
#...8.... #..# ###
#.......## #..# #W#
.......... ...# ###
.#..#.#... ...#


You could see a wraith, a kobold zombie and a human zombie.

Vanquished Creatures
  A sleepcap (D:4)
  Terence (D:3)
  6 adders
  2 worms (D:2)
  A dart slug (D:2)
  7 orcs
  3 bats (D:1)
  8 endoplasms
  5 giant cockroaches
  7 goblins
  4 hobgoblins
  2 jackals (D:3)
  8 kobolds
  A quokka (D:1)
  8 ball pythons
  2 frilled lizards
  A goblin zombie (Ossuary)
  2 hobgoblin zombies (Ossuary)
  A kobold zombie (Ossuary)
  4 rats
74 creatures vanquished.

Notes
Turn   | Place    | Note
-------+----------+-------------------------------------------
     0 | D:1      | NateTC the Hill Orc Fighter began the quest for the Orb.
     0 | D:1      | Reached XP level 1. HP: 19/19 MP: 1/1
    55 | D:1      | Reached XP level 2. HP: 19/27 MP: 2/2
   445 | D:1      | Reached XP level 3. HP: 34/34 MP: 3/3
  1220 | D:2      | Reached XP level 4. HP: 40/41 MP: 4/4
  1224 | D:2      | Found a basalt altar of Yredelemnul.
  1234 | D:2      | Reached skill level 5 in Fighting
  1566 | D:2      | Identified the +1 leather armour of Kicki {rPois Str+3}
  2181 | D:3      | Found Wiofyni's Assorted Antiques.
  2190 | D:3      | Bought a broad axe for 72 gold pieces
  2226 | D:3      | Noticed Terence
  2233 | D:3      | Killed Terence
  2234 | D:3      | Reached skill level 5 in Axes
  2234 | D:3      | Reached XP level 5. HP: 44/48 MP: 5/5
  2306 | D:3      | Identified the +1 falchion "Mitureen" {flame, Int+3}
  2486 | D:3      | You are sucked into a shaft and drop 1 floor!
  2591 | D:4      | Found a shadowy altar of Dithmenos.
  2606 | D:4      | Found a sand-covered staircase.
  2614 | Ossuary  | Entered an ossuary
  2614 | Ossuary  | Noticed a wraith
  2614 | Ossuary  | Noticed a wraith
  2614 | Ossuary  | Noticed a wraith
  2646 | Ossuary  | Noticed a wraith
  2667 | Ossuary  | Slain by a wraith

Illustrated notes

Levels and vault maps discovered:
D:1:      nicolae_arrival_somewhat_less_tricky_arrival, layout_basic
D:2:      layout_loops_ring, basic_altar, serial_forest,
          infiniplex_forest_clump_large, infiniplex_forest_lined_1,
          infiniplex_forest_diagonal, infiniplex_forest_diagonal,
          infiniplex_forest_corner_1, infiniplex_forest_clump_small,
          infiniplex_forest_lined_room_, grunt_decor_resistance
D:3:      layout_rooms, serial_shops, nicolae_shop_just_a_little_nook,
          st_stairs_6, interstate_on_off, glass_columns_c, uniq_terence
D:4:      cheibrodos_fertilizer, layout_gridville,
          nicolae_overflow_crystal_walls,
          nicolae_dithmenos_through_a_glass_darkly, nicolae_uskayaw_suspiria,
          lightli_ossuary_entry_decrepit_ruins, grunt_ministairs_1
Ossuary:  ossuary_kennysheep_city_of_the_dead

Skill      XL: |  1  2  3  4 |
---------------+-------------+-----
Axes           | 3 4 5 |  5.9
Fighting       | 4 5 |  5.6
Armour         | |  3.2
Shields        | |  3.2

Action                     |  1- 3 |  4- 6 || total
---------------------------+-------+-------++-------
  Melee: War axe           |    90 |    55 ||   145
         Broad axe         |       |    71 ||    71
    Use: Scroll            |     3 |     4 ||     7
         Potion            |       |     2 ||     2
 Armour: Scale mail        |    33 |    22 ||    55
         Chain mail        |       |    29 ||    29
         Plate armour      |       |    10 ||    10
         Skin              |       |     1 ||     1
  Dodge: Dodged            |    47 |    53 ||   100
  Block: Buckler           |    24 |    18 ||    42
